 Dungeon Crawl Stone Soup version 0.28.0-53-g5a82cb258f (webtiles) character file.

Game seed: 120784036089219207

121 Peloso the Covered (level 4, -3/41 HPs)
             Began as a Minotaur Fighter on June 28, 2022.
             Slain by Natasha (8 damage)
             ... on level 2 of the Dungeon.
             The game lasted 00:01:57 (888 turns).

Peloso the Covered (Minotaur Fighter)                Turns: 888, Time: 00:01:57

Health: -3/41      AC:  9    Str: 22    XL:     4   Next: 77%
Magic:  3/3        EV:  9    Int:  5    God:
Gold:   59         SH:  5    Dex: 12    Spells: 3/3 levels left

rFire   . . .      SeeInvis .   a - +0 long sword
rCold   . . .      Faith    .   c - +0 buckler
rNeg    . . .      Spirit   .   b - +0 scale mail
rPois   .          Reflect  .   (helmet restricted)
rElec   .          Harm     .   (no cloak)
rCorr   .          Rampage  .   (no gloves)
Will    .....                   (no boots)
Stlth   ..........              (no amulet)
HPRegen 0.13/turn               (no ring)
MPRegen 0.08/turn               (no ring)

@: slowed, very slow
A: horns 2, retaliatory headbutt, iridescent scales 1, strong 1
a: no special abilities


You were on level 2 of the Dungeon.
You visited 1 branch of the dungeon, and saw 2 of its levels.

You collected 59 gold pieces.

Inventory:

Hand Weapons
 a - a +0 long sword (weapon)
Armour
 b - a +0 scale mail (worn)
 c - a +0 buckler (worn)
Scrolls
 e - a scroll of fog {unknown}
 f - a scroll of magic mapping {unknown}
Potions
 d - 2 potions of might


   Skills:
 + Level 4.3 Fighting
 + Level 3.5 Long Blades
 + Level 5.0 Armour
 + Level 0.8 Dodging
 + Level 4.2 Shields


You had 3 spell levels left.
You didn't know any spells.
Your spell library contained the following spells:

 Spells                   Type           Power      Damage    Failure   Level
 Corpse Rot               Necr/Air       0%         N/A       95%         2
 Dispel Undead            Necr           0%         3d6       100%        4
 Death Channel            Necr           0%         N/A       100%        6


Dungeon Overview and Level Annotations

Branches:
Dungeon (2/15)

Altars:

Annotations:
D:2 Natasha


Innate Abilities, Weirdness & Mutations

You have a pair of horns on your head.
You reflexively headbutt those who attack you in melee.
You are partially covered in iridescent scales. (AC +2)
Your muscles are strong. (Str +2)


Message History

Natasha wildly gestures.
You feel troubled. The necrophage misses you. You furiously retaliate!
You headbutt the necrophage. You slash the necrophage!
The necrophage is almost destroyed.
The necrophage completely misses you.
You slash the necrophage!
You destroy the necrophage!
Natasha casts a spell.
The shadow imp spits at you.
Your Long Blades skill increases to level 3!
Your Armour skill increases to level 5!
Your Shields skill increases to level 4!
You have reached level 4!
You feel agile.
You slash Natasha!
Natasha is heavily wounded.
Natasha zaps a wand.
The puff of flame hits you.
The crimson imp blinks!
You hit Natasha. Your headbutt misses Natasha.
Natasha is severely wounded.
Natasha casts a spell at you.
You feel yourself slow down. You block Natasha's attack.
You barely miss Natasha.
Natasha is severely wounded.
Natasha closely misses you.
The crimson imp blinks!
You hit Natasha.
Natasha is almost dead.
Natasha casts a spell at you. The magic dart hits you!
* * * LOW HITPOINT WARNING * * *
The crimson imp grinds its teeth.
The crimson imp blinks!
Natasha casts a spell at you. The magic dart hits you.
* * * LOW HITPOINT WARNING * * *
You closely miss Natasha. Your headbutt misses Natasha.
Natasha is almost dead.
Natasha claws you!
You die...

#.## ... # ).# #
. ..# # ... ..#
# ..5..######..#
# ....55h@.....#
#### #
.....#####..##
#.. # ... #.##
#.# # )
##.#####.# #
#.)......#######
#..####.........
#..# ##.#######
#..# #.#######
#..# #........


You could see Natasha, 2 crimson imps and a shadow imp (summoned).

Vanquished Creatures
  A necrophage (D:2)
  A dart slug (D:1)
  An endoplasm (D:1)
  A giant cockroach (D:1)
  A goblin (D:1)
  3 hobgoblins (D:1)
  4 jackals (D:1)
  3 kobolds (D:1)
  2 quokkas
  3 ball pythons
  5 bats
  3 rats (D:1)
28 creatures vanquished.

Notes
Turn   | Place    | Note
-------+----------+-------------------------------------------
     0 | D:1      | Peloso the Minotaur Fighter began the quest for the Orb.
     0 | D:1      | Reached XP level 1. HP: 19/19 MP: 0/0
    81 | D:1      | Reached skill level 4 in Armour
    81 | D:1      | Reached XP level 2. HP: 27/27 MP: 1/1
   793 | D:1      | Gained mutation: You are clumsy. (Dex -2) [potion of
                  | mutation]
   793 | D:1      | Gained mutation: You are partially covered in iridescent
                  | scales. (AC +2) [potion of mutation]
   793 | D:1      | Gained mutation: Your muscles are strong. (Str +2) [potion
                  | of mutation]
   793 | D:1      | Gained mutation: You are mostly covered in iridescent
                  | scales. (AC +4) [potion of mutation]
   794 | D:1      | Lost mutation: You are clumsy. (Dex -2) [potion of
                  | mutation]
   794 | D:1      | Lost mutation: You are mostly covered in iridescent scales.
                  | (AC +4) [potion of mutation]
   794 | D:1      | Gained mutation: You are dopey. (Int -2) [potion of
                  | mutation]
   794 | D:1      | Lost mutation: You are dopey. (Int -2) [potion of mutation]
   817 | D:2      | Reached XP level 3. HP: 33/33 MP: 2/2
   874 | D:2      | Noticed Natasha
   874 | D:2      | Noticed a necrophage
   883 | D:2      | Killed a necrophage
   884 | D:2      | Reached skill level 5 in Armour
   884 | D:2      | Reached XP level 4. HP: 19/41 MP: 3/3
   888 | D:2      | Slain by Natasha

Illustrated notes

Levels and vault maps discovered:
D:1:      psy_arrival_statuary, layout_basic
D:2:      layout_loops_ring, ebering_ecumenical_altar_box,
          kennysheep_generic_room_3, uniq_natasha

Skill      XL: |  1  2  3 |
---------------+----------+-----
Armour         | 4 5 |  5.0
Fighting       | 4 |  4.3
Long Blades    | 3 |  3.5
Shields        | 4 |  4.2
Dodging        | |  0.8

Action                   |  1- 3 |  4- 6 || total
-------------------------+-------+-------++-------
Melee: Long sword        |    59 |     5 ||    64
       Headbutt          |     8 |       ||     8
  Use: Potion            |     3 |       ||     3
       Scroll            |     2 |       ||     2
Armor: Scale mail        |    37 |       ||    37
Dodge: Dodged            |    41 |     1 ||    42
Block: Buckler           |    13 |     1 ||    14
